TOP OF THE 1ST |
Texas (Rk+) Rangers batting - Pitching for Ogden Raptors : LHP Russ Focht
|
Pitching: LHP Russ Focht
|
|
Batting: RHB Sam Stewart
|
0-0: Ball 1-0: Foul Ball, location: 2F 1-1: Ball 2-1: Swinging Strike 2-2: Foul Ball, location: 3F 2-2: Ball 3-2: Base on Balls
|
Batting: RHB Erik Compton
|
0-0: Foul Ball, location: 23F 0-1: Foul Ball, location: 5FF 0-2: Foul Ball, location: 9LDF 0-2: Ball 1-2: Fly out, F6 (Popup, 4MD, EV 70.6 MPH)
|
Batting: RHB Oscar Quintero
|
0-0: Ball 1-0: Grounds into double play, 5-4-3 (Groundball, 5, EV 81.9 MPH)
|
Top of the 1st over - 0 runs, 0 hits, 0 errors, 0 left on base; Texas (Rk+) 0 - Ogden 0 |
BOTTOM OF THE 1ST |
Ogden Raptors batting - Pitching for Texas (Rk+) Rangers : RHP Mike Smith
|
Pitching: RHP Mike Smith
|
|
Batting: RHB Nick Griffin
|
0-0: Ball 1-0: SINGLE (Groundball, 6MD, EV 95.0 MPH)
|
Batting: LHB Josh Guess
|
0-0: Called Strike Nick Griffin steals 2nd base 0-1: Ball 1-1: Called Strike 1-2: Strikes out swinging
|
Batting: RHB Mike Hoppe
|
0-0: Ball 1-0: Ground out 6-3 (Groundball, 6, EV 100.0 MPH) Nick Griffin to third
|
Batting: RHB Jose Cuadrado
|
0-0: Called Strike 0-1: Ball 1-1: Ground out U3 (Groundball, 3, EV 87.5 MPH)
|
Bottom of the 1st over - 0 runs, 1 hit, 0 errors, 1 left on base; Texas (Rk+) 0 - Ogden 0 |
TOP OF THE 2ND |
Texas (Rk+) Rangers batting - Pitching for Ogden Raptors : LHP Russ Focht
|
Batting: RHB Josh Valencia
|
0-0: Fly out, F9 (Line Drive, 9S, EV 88.1 MPH)
|
Batting: RHB Matt Allegra
|
0-0: Ball 1-0: Ball 2-0: Ball 3-0: Base on Balls
|
Batting: RHB Mike Perkins
|
0-0: Ball 1-0: Called Strike 1-1: Ball 2-1: Ball 3-1: Called Strike 3-2: Base on Balls Matt Allegra to second
|
Batting: RHB Joey Brooks
|
0-0: Called Strike 0-1: Called Strike 0-2: Ball 1-2: Ball 2-2: Strikes out swinging
|
Batting: SHB Ricardo Rivera
|
0-0: Called Strike 0-1: Called Strike 0-2: Ball 1-2: Ball 2-2: Foul Ball, location: 2RF 2-2: Ball 3-2: Fly out, F2 (Popup, 2LF, EV 91.9 MPH)
|
Top of the 2nd over - 0 runs, 0 hits, 0 errors, 2 left on base; Texas (Rk+) 0 - Ogden 0 |
BOTTOM OF THE 2ND |
Ogden Raptors batting - Pitching for Texas (Rk+) Rangers : RHP Mike Smith
|
Batting: RHB Carlos Cortez
|
0-0: Ball 1-0: Foul Ball, location: 25FF 1-1: Ball 2-1: Ball 3-1: Foul Ball, location: 3F 3-2: Ground out 6-3 (Groundball, P, EV 87.5 MPH)
|
Batting: RHB Alex Diaz
|
0-0: Ball 1-0: Called Strike 1-1: Swinging Strike 1-2: Strikes out swinging
|
Batting: RHB Chase Hine
|
0-0: Called Strike 0-1: Ground out 6-3 (Groundball, 6, EV 83.8 MPH)
|
Bottom of the 2nd over - 0 runs, 0 hits, 0 errors, 0 left on base; Texas (Rk+) 0 - Ogden 0 |
TOP OF THE 3RD |
Texas (Rk+) Rangers batting - Pitching for Ogden Raptors : LHP Russ Focht
|
Batting: RHB Jose Gutierrez
|
0-0: Ball 1-0: Ball 2-0: Called Strike 2-1: Ball 3-1: Foul Ball, location: 23FF 3-2: Ground out 3-1 (Groundball, 34, EV 92.5 MPH)
|
Batting: RHB Sam Stewart
|
0-0: Called Strike 0-1: DOUBLE (Groundball, 5L, EV 105.0 MPH)
|
Batting: RHB Erik Compton
|
0-0: Ball 1-0: Swinging Strike 1-1: Ball 2-1: Swinging Strike 2-2: Foul Ball, location: 3F 2-2: Strikes out swinging
|
Batting: RHB Oscar Quintero
|
0-0: Ball 1-0: SINGLE (Groundball, 6MD, EV 106.3 MPH) Sam Stewart to third
|
Batting: RHB Josh Valencia
|
0-0: Foul Ball, location: 5F 0-1: Fly out, F6 (Line Drive, 6, EV 70.0 MPH)
|
Top of the 3rd over - 0 runs, 2 hits, 0 errors, 2 left on base; Texas (Rk+) 0 - Ogden 0 |
BOTTOM OF THE 3RD |
Ogden Raptors batting - Pitching for Texas (Rk+) Rangers : RHP Mike Smith
|
Batting: RHB Eric Weter
|
0-0: Ball 1-0: Called Strike 1-1: Fly out, F5 (Line Drive, 56, EV 99.4 MPH)
|
Batting: RHB Neil Goetsch
|
0-0: Ball 1-0: Foul Ball, location: 9LSF 1-1: Foul Ball, location: 2F 1-2: Fly out, F8 (Line Drive, 8RM, EV 100.0 MPH)
|
Batting: RHB Nick Griffin
|
0-0: Ball 1-0: Called Strike 1-1: Foul Ball, location: 2F 1-2: Ball 2-2: Strikes out swinging
|
Bottom of the 3rd over - 0 runs, 0 hits, 0 errors, 0 left on base; Texas (Rk+) 0 - Ogden 0 |
TOP OF THE 4TH |
Texas (Rk+) Rangers batting - Pitching for Ogden Raptors : LHP Russ Focht
|
Batting: RHB Matt Allegra
|
0-0: Called Strike 0-1: Ball 1-1: Ball 2-1: Foul Ball, location: 7LSF 2-2: Ball 3-2: Ground out 5-3 (Groundball, 5, EV 86.3 MPH)
|
Batting: RHB Mike Perkins
|
0-0: Ball 1-0: Ball 2-0: DOUBLE (Line Drive, 9LS, EV 98.8 MPH)
|
Batting: RHB Joey Brooks
|
0-0: Called Strike 0-1: Ball 1-1: SINGLE (Line Drive, 8LS, EV 104.4 MPH) Mike Perkins to third
|
Batting: SHB Ricardo Rivera
|
0-0: DOUBLE (Groundball, 5L, EV 103.1 MPH) Mike Perkins scores Joey Brooks to third Runner from 3rd tries for Home, SAFE, throw by LF to trailing runner, SAFE at third!
|
Batting: RHB Jose Gutierrez
|
0-0: Ball 1-0: Foul Ball, location: 2F 1-1: Swinging Strike 1-2: Fly out, F9 (Flyball, 9LSF, EV 90.6 MPH)
|
Batting: RHB Sam Stewart
|
0-0: Called Strike 0-1: Foul Ball, location: 2F 0-2: Strikes out looking
|
Top of the 4th over - 2 runs, 3 hits, 0 errors, 1 left on base; Texas (Rk+) 2 - Ogden 0 |
BOTTOM OF THE 4TH |
Ogden Raptors batting - Pitching for Texas (Rk+) Rangers : RHP Mike Smith
|
Batting: LHB Josh Guess
|
0-0: Called Strike 0-1: Called Strike 0-2: Ball 1-2: Ball 2-2: Ground out 6-3 (Groundball, 6, EV 104.4 MPH)
|
Batting: RHB Mike Hoppe
|
0-0: Called Strike 0-1: Ball 1-1: Ball 2-1: Swinging Strike 2-2: Strikes out looking
|
Batting: RHB Jose Cuadrado
|
0-0: SINGLE (Line Drive, 78S, EV 84.4 MPH)
|
Batting: RHB Carlos Cortez
|
0-0: Swinging Strike 0-1: Ball 1-1: Fielders Choice at 2nd, 6-4 (Groundball, 6, EV 86.9 MPH)
|
Bottom of the 4th over - 0 runs, 1 hit, 0 errors, 1 left on base; Texas (Rk+) 2 - Ogden 0 |
TOP OF THE 5TH |
Texas (Rk+) Rangers batting - Pitching for Ogden Raptors : LHP Russ Focht
|
Batting: RHB Erik Compton
|
0-0: Ball 1-0: Called Strike 1-1: Foul Ball, location: 2F 1-2: Foul Ball, location: 2F 1-2: Ground out 2-3 (Groundball, 2L, EV 66.3 MPH)
|
Batting: RHB Oscar Quintero
|
0-0: Fly out, F7 (Flyball, 7S, EV 90.0 MPH)
|
Batting: RHB Josh Valencia
|
0-0: Called Strike 0-1: Ball 1-1: Ball 2-1: Ball 3-1: DOUBLE (Line Drive, 78D, EV 97.5 MPH)
|
Batting: RHB Matt Allegra
|
0-0: Swinging Strike 0-1: Foul Ball, location: 2F 0-2: Foul Ball, location: 3SF 0-2: SINGLE (Groundball, 4MD, EV 103.1 MPH) Josh Valencia to third
|
Batting: RHB Mike Perkins
|
0-0: Ball 1-0: Foul Ball, location: 3DF 1-1: 3-RUN HOME RUN (Flyball, 7D, EV 95.6 MPH), Distance : 385 ft
|
Pitching: RHP Raul Monge
|
|
Batting: RHB Joey Brooks
|
0-0: Ball 1-0: Called Strike 1-1: Ball 2-1: SINGLE (Line Drive, 34, EV 105.0 MPH)
|
Batting: SHB Ricardo Rivera
|
0-0: Called Strike 0-1: Called Strike 0-2: Strikes out swinging
|
Top of the 5th over - 3 runs, 4 hits, 0 errors, 1 left on base; Texas (Rk+) 5 - Ogden 0 |
BOTTOM OF THE 5TH |
Ogden Raptors batting - Pitching for Texas (Rk+) Rangers : RHP Mike Smith
|
Batting: RHB Alex Diaz
|
0-0: Ball 1-0: Ball 2-0: Foul Ball, location: 2F 2-1: Swinging Strike 2-2: Ball 3-2: SINGLE (Groundball, 4MD, EV 107.5 MPH)
|
Batting: RHB Chase Hine
|
0-0: Ball 1-0: Called Strike 1-1: DOUBLE (Flyball, 8LXD, EV 98.1 MPH) Alex Diaz to third
|
Batting: RHB Eric Weter
|
0-0: Ball 1-0: Ground out 5-3 (Groundball, 56S, EV 81.9 MPH) Alex Diaz scores
|
Batting: RHB Neil Goetsch
|
0-0: Ball 1-0: Ball 2-0: Foul Ball, location: 2F 2-1: Fly out, F2 (Popup, 2LF, EV 81.9 MPH)
|
Batting: RHB Nick Griffin
|
0-0: Ball 1-0: Ball 2-0: Called Strike 2-1: Ground out 6-3 (Groundball, 6, EV 86.3 MPH)
|
Bottom of the 5th over - 1 run, 2 hits, 0 errors, 1 left on base; Texas (Rk+) 5 - Ogden 1 |
TOP OF THE 6TH |
Texas (Rk+) Rangers batting - Pitching for Ogden Raptors : RHP Raul Monge
|
Batting: RHB Jose Gutierrez
|
0-0: Called Strike 0-1: Ball 1-1: Fly out, F7 (Flyball, 78M, EV 107.5 MPH)
|
Batting: RHB Sam Stewart
|
0-0: Ball 1-0: Swinging Strike 1-1: Foul Ball, location: 2F 1-2: Foul Ball, location: 2F 1-2: Foul Ball, location: 2F 1-2: Ball 2-2: Fly out, F9 (Flyball, 9D, EV 88.8 MPH)
|
Batting: RHB Erik Compton
|
0-0: Ball 1-0: Called Strike 1-1: Foul Ball, location: 9LMF 1-2: Strikes out swinging
|
Top of the 6th over - 0 runs, 0 hits, 0 errors, 0 left on base; Texas (Rk+) 5 - Ogden 1 |
BOTTOM OF THE 6TH |
Ogden Raptors batting - Pitching for Texas (Rk+) Rangers : RHP Mike Smith
|
Batting: LHB Josh Guess
|
0-0: Ball 1-0: Called Strike 1-1: Ball 2-1: Called Strike 2-2: Strikes out swinging
|
Batting: RHB Mike Hoppe
|
0-0: Ball 1-0: Called Strike 1-1: Swinging Strike 1-2: Fly out, F8 (Line Drive, 8LM, EV 94.4 MPH)
|
Batting: RHB Jose Cuadrado
|
0-0: Ball 1-0: SINGLE (Line Drive, 8LS, EV 100.0 MPH)
|
Batting: RHB Carlos Cortez
|
0-0: Ball 1-0: Ball 2-0: Called Strike 2-1: Foul Ball, location: 23F 2-2: Ground out 5-3 (Groundball, 56S, EV 90.0 MPH)
|
Bottom of the 6th over - 0 runs, 1 hit, 0 errors, 1 left on base; Texas (Rk+) 5 - Ogden 1 |
TOP OF THE 7TH |
Texas (Rk+) Rangers batting - Pitching for Ogden Raptors : RHP Raul Monge
|
Batting: RHB Oscar Quintero
|
0-0: Called Strike 0-1: Ball 1-1: SINGLE (Line Drive, 78M, EV 90.6 MPH)
|
Batting: RHB Josh Valencia
|
0-0: Ball 1-0: Ball 2-0: Ball 3-0: Base on Balls Oscar Quintero to second
|
Batting: RHB Matt Allegra
|
0-0: SINGLE (Line Drive, 8RS, EV 105.0 MPH) Oscar Quintero to third Josh Valencia to second
|
Batting: RHB Mike Perkins
|
0-0: Foul Ball, location: 9LSF 0-1: Ball 1-1: Ball 2-1: Ball 3-1: SINGLE (Line Drive, 4MD, EV 102.5 MPH) Oscar Quintero scores Josh Valencia to third Matt Allegra to second
|
Batting: RHB Joey Brooks
|
0-0: Called Strike 0-1: Grounds into double play, 6-4-3 (Groundball, 6, EV 91.9 MPH) Josh Valencia scores Matt Allegra to third
|
Batting: SHB Ricardo Rivera
|
0-0: Foul Ball, location: 23F 0-1: Fly out, F8 (Flyball, 78M, EV 90.0 MPH)
|
Top of the 7th over - 2 runs, 3 hits, 0 errors, 1 left on base; Texas (Rk+) 7 - Ogden 1 |
BOTTOM OF THE 7TH |
Ogden Raptors batting - Pitching for Texas (Rk+) Rangers : RHP Mike Smith
|
Batting: RHB Alex Diaz
|
0-0: Fly out, F8 (Flyball, 8RD, EV 100.0 MPH)
|
Batting: RHB Chase Hine
|
0-0: Swinging Strike 0-1: Fly out, F8 (Flyball, 8RM, EV 91.3 MPH)
|
Batting: RHB Eric Weter
|
0-0: Called Strike 0-1: Called Strike 0-2: Ball 1-2: Strikes out looking
|
Bottom of the 7th over - 0 runs, 0 hits, 0 errors, 0 left on base; Texas (Rk+) 7 - Ogden 1 |
TOP OF THE 8TH |
Texas (Rk+) Rangers batting - Pitching for Ogden Raptors : RHP Raul Monge
|
Batting: RHB Jose Gutierrez
|
0-0: Ball 1-0: Swinging Strike 1-1: Swinging Strike 1-2: Strikes out looking
|
Batting: RHB Sam Stewart
|
0-0: Ball 1-0: Ball 2-0: Swinging Strike 2-1: Fly out, F8 (Flyball, 78M, EV 90.6 MPH)
|
Batting: RHB Erik Compton
|
0-0: Ball 1-0: Ball 2-0: Called Strike 2-1: Ground out 4-3 (Groundball, 4MD, EV 105.6 MPH)
|
Top of the 8th over - 0 runs, 0 hits, 0 errors, 0 left on base; Texas (Rk+) 7 - Ogden 1 |
BOTTOM OF THE 8TH |
Ogden Raptors batting - Pitching for Texas (Rk+) Rangers : RHP Mike Smith
|
Pitching: RHP Jeremy Steere
|
|
Pinch Hitting: SHB Adam DeWitt
|
0-0: Ball 1-0: Swinging Strike 1-1: Swinging Strike 1-2: Foul Ball, location: 5FF 1-2: Ball 2-2: Ball 3-2: DOUBLE (Flyball, 8LXD, EV 102.5 MPH)
|
Pinch Hitting: RHB Dave Mora
|
0-0: Ball 1-0: 2-RUN HOME RUN (Flyball, 78XD, EV 107.5 MPH), Distance : 423 ft
|
Batting: LHB Josh Guess
|
0-0: Ball 1-0: Ball 2-0: Called Strike 2-1: Fly out, F3 (Line Drive, 34, EV 65.0 MPH)
|
Batting: RHB Mike Hoppe
|
0-0: Swinging Strike 0-1: Ball 1-1: Called Strike 1-2: Ground out 6-3 (Groundball, 6, EV 95.6 MPH)
|
Batting: RHB Jose Cuadrado
|
0-0: Called Strike 0-1: Called Strike 0-2: Ball 1-2: Ball 2-2: Fly out, F7 (Line Drive, 7, EV 90.0 MPH)
|
Bottom of the 8th over - 2 runs, 2 hits, 0 errors, 0 left on base; Texas (Rk+) 7 - Ogden 3 |
TOP OF THE 9TH |
Texas (Rk+) Rangers batting - Pitching for Ogden Raptors : RHP Raul Monge
|
Pitching: RHP Tyler Cargle
|
|
Now in CF: Dave Mora
|
|
Now in RF: Adam DeWitt
|
|
Batting: RHB Francisco Cansino
|
0-0: Ball 1-0: Ball 2-0: Foul Ball, location: 7LSF 2-1: Swinging Strike 2-2: Strikes out swinging
|
Batting: RHB Josh Valencia
|
0-0: Ball 1-0: Ball 2-0: Ball 3-0: Base on Balls
|
Batting: RHB Matt Allegra
|
0-0: Foul Ball, location: 9LMF 0-1: Ball 1-1: Ball 2-1: Ball 3-1: Base on Balls Josh Valencia to second
|
Batting: RHB Mike Perkins
|
0-0: Called Strike 0-1: Swinging Strike 0-2: Ball 1-2: Strikes out swinging
|
Batting: RHB Joey Brooks
|
0-0: Called Strike 0-1: Ball 1-1: Ball 2-1: Fly out, F6 (Popup, 6S, EV 81.3 MPH)
|
Top of the 9th over - 0 runs, 0 hits, 0 errors, 2 left on base; Texas (Rk+) 7 - Ogden 3 |
BOTTOM OF THE 9TH |
Ogden Raptors batting - Pitching for Texas (Rk+) Rangers : RHP Jeremy Steere
|
Batting: RHB Carlos Cortez
|
0-0: Called Strike 0-1: Fly out, F7 (Flyball, 7, EV 93.1 MPH)
|
Batting: RHB Alex Diaz
|
0-0: Foul Ball, location: 2F 0-1: Ball 1-1: Ground out 4-3 (Groundball, 34, EV 104.4 MPH)
|
Batting: RHB Chase Hine
|
0-0: Fly out, F9 (Flyball, 9, EV 95.6 MPH)
|
Bottom of the 9th over - 0 runs, 0 hits, 0 errors, 0 left on base; Texas (Rk+) 7 - Ogden 3 |
|